Map: [ESL] Gresvan

Players

gumiho

  • Race: Terran Terran
  • Spawn Location: 5:00

Clem - Winner!

  • Race: Terran Terran
  • League: Grandmaster
  • Spawn Location: 11:00

Event: HomeStory Cup XXIII

VOD

Have the link to the VOD?

Description

Time

  • Played on: July 1, 2023, 9:59 a.m.
  • Length: 4:59

All games in this series

Show
View Real Time Build Order
Export as new Build Order

gumiho Terran 

Build Orders: Cyclone Opening 

Get SALT Encoding   

  12  0:00  SCV  
  13  0:12  SCV  
  14  0:16  Supply Depot  
  14  0:24  SCV  
  14  0:27  Refinery  
  15  0:38  SCV  
  16  0:43  Barracks  
  16  0:50  SCV  
  16  0:54  Refinery  
  17  1:02  SCV  
  18  1:14  SCV  
  19  1:29  Orbital Command  
  19  1:30  Reaper  
  20  1:34  Factory  
  20  1:44  Supply Depot  
  20  1:55  SCV  
  21  2:02  Reaper  
  21  2:07  SCV  
  23  2:17  Hellion  
  23  2:19  SCV  
  26  2:26  Command Center  
  26  2:31  SCV  
  26  2:34  Reaper  
  26  2:36  Supply Depot  
  28  2:38  Factory Tech Lab  
  28  2:43  SCV  
  29  2:55  SCV  
  29  2:57  Cyclone  
  32  3:10  Marine  
  32  3:11  SCV  
  34  3:16  Starport  
  34  3:23  SCV  
  35  3:29  Cyclone  
  35  3:32  Marine  
  38  3:35  SCV  
  37  3:49  SCV  
  37  3:51  Marine  
  38  4:07  SCV  
  39  4:18  Command Center  
  39  4:24  Orbital Command, SCV, Medivac, Siege Tank  
  39  4:28  Refinery  
  45  4:33  Barracks Reactor  
  45  4:36  SCV  
Show
View Real Time Build Order
Export as new Build Order

Clem Terran - Winner!

Build Orders:  

Get SALT Encoding   

  12  0:00  SCV  
  13  0:12  SCV  
  14  0:17  Supply Depot  
  14  0:25  SCV  
  15  0:38  SCV  
  15  0:40  Barracks  
  16  0:43  Refinery  
  16  0:50  SCV  
  16  0:52  Refinery  
  17  1:02  SCV  
  18  1:14  SCV  
  19  1:26  Barracks Reactor  
  19  1:27  Orbital Command  
  19  1:32  Supply Depot  
  19  1:40  Factory  
  19  1:52  SCV  
  20  2:02  Reaper  
  20  2:03  Reaper  
  20  2:04  SCV  
  23  2:16  SCV  
  24  2:24  Hellion  
  26  2:30  SCV  
  26  2:35  Reaper x2  
  29  2:37  Command Center  
  29  2:42  Supply Depot  
  29  2:47  Hellion  
  31  2:56  Starport  
  31  3:04  SCV  
  32  3:09  Reaper x2  
  32  3:11  Hellion  
  36  3:16  SCV  
  37  3:20  Supply Depot  
  37  3:28  SCV  
  38  3:35  Medivac  
  38  3:36  Factory Tech Lab  
  39  3:41  Refinery  
  39  3:42  SCV, Marine x2  
  41  3:54  SCV  
  45  3:55  Cyclone  
  44  4:03  Marine x2  
  44  4:06  SCV  
  47  4:10  Starport Tech Lab  
  47  4:11  Orbital Command  
  46  4:18  SCV  
  46  4:21  Marine x2  
  47  4:30  SCV  
  48  4:39  SCV  
  48  4:42  SCV  
  54  4:55  Supply Depot  
Tags
 
Add a new tag
Caveats
  • Supply blocks, unpowered buildings, or Contaminate may cause inaccurate times.
  • Supply counts are checked every 10 seconds.